 Dungeon Crawl Stone Soup version 0.30-a0-870-gc5d4c5acee (webtiles) character file.

Game seed: 5514673488167776304

156216 holysushi the Imperceptible (level 18, 0/119 HPs)
             Began as a Kobold Monk on Mar 12, 2023.
             Was the Champion of Dithmenos.
             Collided with a crystal wall (29 damage)
             ... caused by a deep elf knight
             ... on level 2 of the Elven Halls.
             The game lasted 00:51:30 (31998 turns).

holysushi the Imperceptible (Kobold Monk)          Turns: 31998, Time: 00:51:31

Health: 0/119      AC:  9    Str:  7    XL:     18   Next: 29%
Magic:  21/21      EV: 36    Int: 13    God:    Dithmenos [******]
Gold:   2366       SH: 19    Dex: 29    Spells: 17/17 levels left

rFire   . . .      SeeInvis .    a - +8 rapier (chaos)
rCold   . . .      Faith    .    p - +1 kite shield
rNeg    . . .      Spirit   .    X - +0 troll leather armour
rPois   +          Reflect  +    e - +0 helmet
rElec   .          Rampage  .    j - +2 cloak
rCorr   .                        I - +0 pair of gloves
Will    +....                    (no boots) Stlth *********+
                                 A - amulet of reflection
HPRegen 1.19/turn                v - +6 ring of dexterity
MPRegen 0.17/turn                f - ring of poison resistance

@: wreathed by umbra
A: small, no large weapons, nightstalker 3, weak 1
a: Renounce Religion, Shadow Step, Shadow Form


You were on level 2 of the Elven Halls.
You worshipped Dithmenos.
Dithmenos was exalted by your worship.
You visited 7 branches of the dungeon, and saw 27 of its levels.
You also visited: Bailey, Ice Cave and Volcano.

You collected 3315 gold pieces.
You spent 949 gold pieces at shops.

Inventory:

Hand Weapons
 a - a +8 rapier of chaos (weapon)
 b - the +6 short sword of Turmoil {holy, rC+ Will++}
   (You found it on level 4 of the Dungeon)

   rC:        It protects you from cold.
   Will:      It greatly increases your willpower.
Missiles
 x - 4 throwing nets (quivered)
Armour
 d - +0 acid dragon scales
 e - a +0 helmet (worn)
 j - a +2 cloak (worn)
 n - a +0 cloak
 p - a +1 kite shield (worn)
 q - a scarf of resistance
 t - a +0 robe
 E - +0 steam dragon scales
 I - a +0 pair of gloves (worn)
 M - a +3 leather armour of fire resistance
 X - a +0 troll leather armour (worn)
Jewellery
 f - a ring of poison resistance (right hand)
 v - a +6 ring of dexterity (left hand)
 A - an amulet of reflection (around neck)
 N - an amulet of guardian spirit
 T - a ring of positive energy
 V - a ring of magical power
 Z - an amulet of regeneration
Wands
 m - a wand of paralysis (8)
 w - a wand of digging (1)
 y - a wand of flame (39)
 L - a wand of roots (17)
 R - a wand of light (7)
 W - a wand of mindburst (4)
Scrolls
 c - 4 scrolls of magic mapping
 g - 11 scrolls of identify
 h - 2 scrolls of poison
 i - 3 scrolls of fog
 l - 3 scrolls of blinking
 o - 2 scrolls of immolation
 F - 3 scrolls of teleportation
 J - a scroll of amnesia
Potions
 k - a potion of ambrosia
 r - 4 potions of curing
 s - 4 potions of attraction
 u - 3 potions of heal wounds
 z - 7 potions of haste
 B - 8 potions of lignification
 C - 3 potions of flight
 D - 6 potions of mutation
 G - 2 potions of resistance
 H - 6 potions of brilliance
 K - a potion of cancellation
 O - a potion of invisibility
 Y - a potion of might


   Skills:
 - Level 15.0 Fighting
 - Level 14.0 Short Blades
 - Level 2.0 Armour
 - Level 22.0 Dodging
 - Level 22.0 Stealth
 + Level 5.4 Shields
 - Level 5.0 Invocations
 - Level 6.0 Evocations


You had 17 spell levels left.
You didn't know any spells.
Your spell library contained the following spells:

 Spells                   Type           Power      Damage    Failure   Level
 Shock                    Conj/Air       0%         1d3       89%         1
 Summon Small Mammal      Summ           0%         N/A       89%         1
 Call Imp                 Summ           0%         N/A       96%         2
 Lesser Beckoning         Tloc           0%         N/A       96%         2
 Call Canine Familiar     Summ           0%         N/A       99%         3
 Dazzling Flash           Conj/Hex       0%         N/A       99%         3
 Frozen Ramparts          Ice            0%         1d1       99%         3
 Gell's Gravitas          Tloc           0%         N/A       99%         3
 Hailstorm                Conj/Ice       0%         3d3       99%         3
 Inner Flame              Hex/Fire       0%         N/A       99%         3
 Ozocubu's Armour         Ice            0%         N/A       99%         3
 Summon Guardian Golem    Hex/Summ       0%         N/A       99%         3
 Swiftness                Air            0%         N/A       99%         3
 Teleport Other           Tloc           0%         N/A       99%         3
 Tukima's Dance           Hex            0%         N/A       99%         3
 Airstrike                Air            0%         2d(0-16)  100%        4
 Anguish                  Hex/Necr       0%         N/A       100%        4
 Flame Wave               Conj/Fire      0%         2d4       100%        4
 Sticky Flame             Conj/Fire      0%         2d3       100%        4
 Freezing Cloud           Conj/Ice/Air   0%         6-21      100%        5
 Simulacrum               Ice/Necr       0%         N/A       100%        6
 Enfeeble                 Hex            0%         N/A       100%        7
 Ozocubu's Refrigeration  Ice            0%         4d7       100%        7
 Discord                  Hex            0%         N/A       100%        8
 Polar Vortex             Ice            0%         N/A       100%        9


Dungeon Overview and Level Annotations

Branches:
Dungeon (15/15) Zot: 25286  Temple (1/1) D:7 Zot: 5686    Lair (5/5) D:11 Zot: 22322
 Shoals (1/4) Lair:3 Zot: 5846  Spider (1/4) Lair:2 Zot: 5901   Slime (0/5) Lair:4
    Orc (2/2) D:9 Zot: 10310     Elf (1/3) Orc:2 Zot: 11394  Vaults (0/5) D:14
 Depths (0/4) D:15         Bailey (visited)           IceCv (visited)
Volcano (visited)

Altars:
Ashenzari
Cheibriados
Dithmenos
Elyvilon
Fedhas
Gozag
Hepliaklqana
Kikubaaqudgha
Makhleb
Nemelex Xobeh
Okawaru
Qazlal
Ru
Sif Muna
Trog
Uskayaw
Vehumet
Wu Jian
Xom
Yredelemnul
Zin
The Shining One
Jiyva
Lugonu

Shops:
D:1 (   D:4 *   D:10 *   Orc:2 *!!(

Portals:
Abyss: Lair:5

Annotations:
Lair:4 1 runed translucent door


Innate Abilities, Weirdness & Mutations

You are small and have problems with some larger weapons.
You are completely attuned to the shadows.
You are weak. (Str -2)


Message History

You block the +0 quick blade of pain's attack.
You block the +2 war axe of holy wrath's attack.
The +0 quick blade of pain hits you.
You hit the +2 war axe of holy wrath.
The +2 war axe of holy wrath is moderately damaged.
Your shadow completely misses the +2 war axe of holy wrath.
You block the +0 quick blade of pain's attack.
The +2 war axe of holy wrath barely misses you.
You hit the +2 war axe of holy wrath.
The +2 war axe of holy wrath is heavily damaged.
Your shadow hits the +2 war axe of holy wrath but does no damage.
The +0 quick blade of pain misses you.
The +2 war axe of holy wrath completely misses you.
The +0 quick blade of pain hits you.
You hit the +0 quick blade of pain.
The +0 quick blade of pain is moderately damaged.
The +0 quick blade of pain completely misses you.
You block the +2 war axe of holy wrath's attack.
You block the +0 quick blade of pain's attack.
You miss the +0 quick blade of pain.
The +0 quick blade of pain is moderately damaged.
You block the +2 war axe of holy wrath's attack.
The +0 quick blade of pain barely misses you.
You puncture the +0 quick blade of pain!
The +0 quick blade of pain falls from the air.
Dithmenos accepts your kill.
You block the +2 war axe of holy wrath's attack.
You impale the +2 war axe of holy wrath!!
The +2 war axe of holy wrath is almost destroyed.
The +2 war axe of holy wrath hits you!!
You emit a cloud of dark smoke.
You block the deep elf knight's attack.
You hit the +2 war axe of holy wrath.
The +2 war axe of holy wrath falls from the air.
Dithmenos accepts your kill.
The deep elf knight gestures at you while chanting.
The lance of force hits you!!
* * * LOW HITPOINT WARNING * * *
You are knocked back by the lance of force.
You slam into the crystal wall!
You die...

#.......
#.......
##.......
##...)....
#§§§......
#§§§).....
#@e§......
##§§§.....
##§^.....
#......
#.....


You could see a deep elf knight.

Vanquished Creatures
  Nikola (Elf:1)
  Rupert (Lair:5)
  Jorgrun (Orc:2)
  Kirke (D:13)
  A juggernaut zombie (D:15)
  Aizul (Shoals:1)
  An orc warlord (Bailey)
  An entropy weaver (Spider:1)
  A fire dragon (D:15)
  Fannar (D:12)
  An ice dragon (IceCv)
  6 hydras
  4 centaur warriors
  A catoblepas (D:15)
  An ogre mage (D:14)
  Erolcha (D:12)
  6 boulder beetles
  5 two-headed ogres
  10 dancing weapons
  A vampire mage (D:15)
  An orc high priest (Orc:2)
  4 thrashing horrors (Lair:5)
  2 death yaks (Lair:4)
  5 deep elf knights
  A sun demon (D:14)
  Amaemon (Lair:2)
  2 skysharks
  A fire crab (shapeshifter) (Lair:4)
  3 soul eaters (D:14)
  A sixfirhy (D:13)
  A pharaoh ant (Spider:1)
  A sea snake (Shoals:1)
  10 skeletal warriors (D:15)
  Lodul (D:10)
  A lindwurm (Volcano)
  10 ugly things
  14 deep elf pyromancers
  A necromancer (D:15)
  A deep elf archer (Elf:1)
  6 orc knights
  4 orc sorcerers
  7 deep elf zephyrmancers
  8 cyclopes
  2 fire giant zombies (D:15)
  5 manticores
  A large abomination (Lair:5)
  6 black mambas
  2 rust devils (D:14)
  A cyclops (shapeshifter) (Elf:1)
  A merfolk siren (Shoals:1)
  6 elephants
  2 demonic crawlers (Spider:1)
  2 smoke demons (Lair:5)
  3 orange demons
  Maurice (D:12)
  A gargoyle (D:11)
  2 ice statues (IceCv)
  2 molten gargoyles (Volcano)
  A guardian serpent (shapeshifter) (D:14)
  8 cane toads
  A torpor snail (Lair:4)
  An unseen horror (shapeshifter) (Lair:5)
  An unseen horror (D:13)
  A tengu conjurer (D:14)
  A yaktaur (D:15)
  7 rime drakes
  12 komodo dragons
  2 red devils (D:14)
  An ice devil (D:14)
  A polar bear (Lair:5)
  5 trolls
  2 ancient zymes (Lair:5)
  3 meliai (D:13)
  A tarantella (shapeshifter) (Lair:5)
  2 tarantellas (Spider:1)
  A hornet (D:8)
  2 saltlings (Orc:2)
  Prince Ribbit (Lair:2)
  A hellwing (D:14)
  33 blink frogs
  A snapping turtle (Shoals:1)
  8 slime creatures (D:15)
  2 vampires
  A shadow (D:10)
  63 yaks
  A culicivora (shapeshifter) (Lair:5)
  4 jumping spiders
  8 wyverns
  4 wraiths
  A ynoxinul (Lair:5)
  11 basilisks
  A steam dragon (D:7)
  9 fire bats (Volcano)
  A water elemental (Elf:1)
  4 chaos spawn
  A neqoxec (D:14)
  4 vampire mosquitoes
  A redback simulacrum (D:15)
  5 redbacks
  4 wargs
  4 acid dragons
  14 water moccasins
  3 hell hounds (Volcano)
  2 black bears
  26 orc warriors
  A meliai simulacrum (D:15)
  2 sky beasts
  3 ice beasts
  14 ogres
  4 boggarts (D:14)
  7 centaurs
  4 wolves (Lair:1)
  5 kobold brigands
  11 small abominations (Lair:5)
  A phantom (D:7)
  7 scorpions
  13 bullfrogs
  14 killer bees
  4 lindwurm simulacra (IceCv)
  2 howler monkeys
  4 jellies
  8 komodo dragon simulacra (IceCv)
  6 lava snakes (Volcano)
  9 orc priests
  7 gnoll boudas
  8 hounds
  A sleepcap (D:7)
  Ijyb (D:5)
  6 iguanas
  24 orc wizards
  3 acid dragon simulacra (IceCv)
  37 gnolls
  12 adders
  A shadow imp (D:6)
  2 white imps
  5 ufetubi
  6 steam dragon simulacra (IceCv)
  2 worms
  A dart slug (D:1)
  73 orcs
  13 ball pythons
  3 bats
  7 endoplasms
  3 giant cockroaches
  23 goblins
  14 hobgoblins
  6 jackals
  21 kobolds
  6 quokkas
  2 frilled lizards
  3 rats
849 creatures vanquished.

Vanquished Creatures (collateral kills)
  A saltling (Orc:2)
  An orc wizard (Orc:2)
2 creatures vanquished.

Vanquished Creatures (others)
  A black mamba zombie (Lair:4)
  A human (D:13)
  An orc zombie (Orc:2)
  A boggart (D:14)
  An orc wizard (D:8)
  14 fungi
  8 pillars of salt (Orc:2)
  24 plants
  8 withered plants (D:15)
59 creatures vanquished.

Grand Total: 910 creatures vanquished

Notes
Turn   | Place    | Note
-------+----------+-------------------------------------------
     0 | D:1      | holysushi the Kobold Monk began the quest for the Orb.
     0 | D:1      | Reached XP level 1. HP: 14/14 MP: 1/1
    51 | D:1      | Found a faded altar of an unknown god.
    77 | D:1      | Reached XP level 2. HP: 17/19 MP: 2/2
   149 | D:1      | Reached skill level 5 in Short Blades
   321 | D:1      | Reached XP level 3. HP: 17/23 MP: 3/3
   451 | D:1      | Found Ycoehas's Weapon Shop.
   629 | D:2      | Reached XP level 4. HP: 28/28 MP: 4/4
  1376 | D:2      | Reached XP level 5. HP: 32/32 MP: 5/5
  1793 | D:3      | Found a burning altar of Makhleb.
  1824 | D:3      | Reached skill level 1 in Shields
  2052 | D:3      | Identified the +0 ring mail of Grace {Rampage rF- Int+6}
  2835 | D:4      | Reached XP level 6. HP: 21/37 MP: 6/6
  3265 | D:4      | Found Zynuwyso's Serpentskin Sales.
  3265 | D:4      | Noticed a water moccasin
  3265 | D:4      | Noticed a water moccasin
  3509 | D:4      | Identified the +6 short sword of Turmoil {holy, rC+ Will++}
  3668 | D:5      | Entered Level 5 of the Dungeon
  4005 | D:5      | Reached XP level 7. HP: 41/41 MP: 7/7
  4573 | D:5      | Found a hazy altar of Hepliaklqana.
  4578 | D:5      | Found a glowing golden altar of the Shining One.
  4579 | D:5      | Found a sparkling altar of Nemelex Xobeh.
  4704 | D:5      | Noticed Ijyb
  4714 | D:5      | Killed Ijyb
  4715 | D:5      | Reached skill level 5 in Dodging
  5095 | D:5      | HP: 2/41 [poisoned by an adder]
  5256 | D:6      | Reached skill level 1 in Evocations
  5328 | D:6      | Reached XP level 8. HP: 46/46 MP: 8/8
  5515 | D:6      | Reached skill level 5 in Stealth
  5634 | D:6      | Reached skill level 10 in Short Blades
  5738 | D:6      | Reached XP level 9. HP: 44/52 MP: 9/9
  5790 | D:6      | Noticed a gargoyle
  6147 | D:6      | Reached skill level 10 in Dodging
  6613 | D:7      | Found a staircase to the Ecumenical Temple.
  6640 | Temple   | Entered the Ecumenical Temple
  7185 | D:7      | Reached XP level 10. HP: 56/56 MP: 10/10
  8178 | D:7      | Found an ancient bone altar of Kikubaaqudgha.
  8385 | D:8      | Reached skill level 5 in Fighting
  8549 | D:8      | Reached XP level 11. HP: 32/71 MP: 11/11
  8562 | D:8      | Paralysed by a hornet for 3 turns
  8565 | D:8      | HP: 3/71 [hornet (6)]
  8951 | D:8      | Reached skill level 10 in Stealth
  9408 | D:8      | Found a basalt altar of Yredelemnul.
  9854 | D:8      | Reached skill level 15 in Dodging
 10504 | D:9      | Found a staircase to the Orcish Mines.
 10645 | D:9      | Found an ornate altar of the Wu Jian Council.
 10671 | D:9      | Found a flagged portal.
 10687 | Bailey   | Entered a bailey
 10900 | Bailey   | Noticed an orc knight
 10934 | Bailey   | Killed an orc knight
 11269 | Bailey   | Noticed an orc warlord
 11303 | Bailey   | Killed an orc warlord
 11304 | Bailey   | Reached XP level 12. HP: 43/76 MP: 12/12
 11524 | Bailey   | Got the Grimoire of Ill Luck and the Escort
 11768 | D:10     | Entered Level 10 of the Dungeon
 11870 | D:10     | Found a shadowy altar of Dithmenos.
 11876 | D:10     | Became a worshipper of Dithmenos the Shadowed
 11876 | D:10     | Reached * piety under Dithmenos
 11876 | D:10     | Reached ** piety under Dithmenos
 11895 | D:10     | Found a bloodstained altar of Trog.
 11963 | D:10     | Found an opulent altar of Gozag.
 13029 | D:10     | Identified the +5 ring mail "Weninez" {rC+}
 13316 | D:10     | Noticed Lodul
 13331 | D:10     | Killed Lodul
 13387 | D:10     | Found Gozag's Platinum Reserve.
 13481 | D:10     | Noticed a two-headed ogre
 13485 | D:10     | Killed a two-headed ogre
 13540 | D:10     | Noticed a two-headed ogre
 13541 | D:10     | Noticed a two-headed ogre
 14132 | D:11     | Reached *** piety under Dithmenos
 14241 | D:11     | Found a staircase to the Lair.
 14764 | Lair:1   | Entered Level 1 of the Lair of Beasts
 15006 | Lair:1   | Reached skill level 15 in Stealth
 15031 | Lair:1   | Reached XP level 13. HP: 34/80 MP: 13/13
 15868 | Lair:2   | Noticed Amaemon
 16079 | Lair:2   | Reached skill level 10 in Fighting
 16121 | Lair:2   | Found a frozen archway.
 16180 | IceCv    | Entered an ice cave
 16297 | IceCv    | Noticed an ice dragon
 16302 | IceCv    | Killed an ice dragon
 16302 | IceCv    | Reached **** piety under Dithmenos
 16474 | IceCv    | Identified the +0 robe "Mafidodd" {Int+2}
 16484 | IceCv    | Got the Quarto of Frostbite
 17300 | Lair:2   | Found a hole to the Spider Nest.
 17300 | Lair:2   | Noticed Prince Ribbit
 17343 | Lair:2   | Killed Prince Ribbit
 17418 | Lair:2   | HP: 3/84 [poisoned by a redback]
 17544 | Lair:1   | Reached XP level 14. HP: 88/88 MP: 14/14
 17713 | Lair:2   | Killed Amaemon
 18471 | Lair:3   | Reached skill level 5 in Evocations
 18997 | Lair:3   | Reached XP level 15. HP: 95/95 MP: 15/15
 19059 | Lair:3   | Found a staircase to the Shoals.
 19148 | Lair:3   | Reached ***** piety under Dithmenos
 19828 | Lair:4   | Identified the +1 robe "Ucamyu" {*Slow rN+ Will+++ Dex-4}
 20550 | Lair:4   | Found a runed translucent door.
 20550 | Lair:4   | Found a viscous altar of Jiyva.
 20551 | Lair:4   | Found a staircase to the Slime Pits.
 21059 | Lair:5   | Entered Level 5 of the Lair of Beasts
 21631 | Lair:5   | Noticed Rupert
 21635 | Lair:5   | Killed Rupert
 22474 | Lair:5   | Reached ****** piety under Dithmenos
 22693 | Lair:5   | Reached XP level 16. HP: 97/104 MP: 16/16
 22707 | Lair:5   | Found a corrupted altar of Lugonu.
 22712 | Lair:5   | Found a one-way gate to the infinite horrors of the Abyss.
 23726 | D:12     | Noticed Maurice
 23730 | D:12     | Killed Maurice
 23755 | D:12     | Noticed Fannar
 23762 | D:12     | Noticed Erolcha
 23771 | D:12     | Killed Erolcha
 23775 | D:12     | Killed Fannar
 24510 | D:13     | Noticed Kirke
 24567 | D:13     | Killed Kirke
 24832 | D:13     | Reached skill level 1 in Armour
 24972 | D:13     | HP: 1/104 [meliai/divine providence (13)]
 26055 | D:14     | Found a glowing golden altar of the Shining One.
 26220 | D:14     | Found a gate to the Vaults.
 26587 | D:15     | Entered Level 15 of the Dungeon
 26661 | D:15     | Reached XP level 17. HP: 110/111 MP: 17/17
 26799 | D:15     | Found a staircase to the Depths.
 27369 | Orc:1    | Entered Level 1 of the Orcish Mines
 27420 | Orc:1    | Gained mutation: You are weak. (Str -2) [a neqoxec]
 27716 | Orc:2    | Entered Level 2 of the Orcish Mines
 27753 | Orc:2    | Found a dark tunnel.
 27758 | Volcano  | Entered a volcano
 27834 | Volcano  | Found a bloodstained altar of Trog.
 28560 | Orc:2    | Found a staircase to the Elven Halls.
 28897 | Orc:2    | Noticed Jorgrun
 28901 | Orc:2    | Killed Jorgrun
 28946 | Orc:2    | Found Mewkaap's Antique Weapon Emporium.
 28977 | Orc:2    | Reached skill level 15 in Fighting
 28992 | Orc:2    | Found Naonatz's Distillery.
 28992 | Orc:2    | Found Zematzal's Distillery.
 29014 | Orc:2    | Bought a potion of haste for 170 gold pieces
 29018 | Orc:2    | Bought a potion of haste for 140 gold pieces
 29018 | Orc:2    | Bought a potion of haste for 140 gold pieces
 29018 | Orc:2    | Bought 2 potions of haste for 280 gold pieces
 29018 | Orc:2    | Bought a potion of curing for 42 gold pieces
 29018 | Orc:2    | Bought a potion of curing for 42 gold pieces
 29040 | Orc:2    | Found Husaoppe's Assorted Antiques.
 29070 | Orc:2    | Bought a scroll of magic mapping for 135 gold pieces
 29782 | Spider:1 | Entered Level 1 of the Spider Nest
 30002 | Shoals:1 | Entered Level 1 of the Shoals
 30041 | Shoals:1 | Noticed Aizul
 30074 | Shoals:1 | Killed Aizul
 31367 | Elf:1    | Entered Level 1 of the Elven Halls
 31381 | Elf:1    | Reached skill level 1 in Invocations
 31386 | Elf:1    | Noticed Nikola
 31391 | Elf:1    | Killed Nikola
 31450 | Elf:1    | Reached XP level 18. HP: 119/119 MP: 19/19
 31909 | Elf:1    | Reached skill level 5 in Invocations
 31971 | Elf:1    | You fall into a shaft and drop 1 floor!
 31975 | Elf:2    | Reached skill level 5 in Shields
 31998 | Elf:2    | Collided with a crystal wall

Illustrated notes

Levels and vault maps discovered:
D:1:      dpeg_arrival_houses_and_road, layout_rooms, serial_shops,
          nicolae_shop_hallway_plus, shapermc_ecumenical_altar_mp_urbaneastern
D:2:      layout_loops_cross
D:3:      layout_loops_ring, mainiacjoe_overflow_tiny_flanked
D:4:      layout_rooms, guppyfry_shop_venom
D:5:      layout_basic, minitemple, uniq_ijyb
D:6:      layout_basic, minivault_23, nzn_random_ring
D:7:      layout_basic, mainiacjoe_overflow_alcove_2, minmay_temple_entry_wispy,
          st_stairs_7, due_unseen_surprise
D:8:      minmay_four_partial_circles, layout_loops_corners,
          kennysheep_mini_moat
D:9:      layout_long_grid, nzn_wu_jian_council_hall, david_orc_2,
          enter_bailey_3, item_on_display_a
D:10:     layout_basic, nicolae_gozag_zags_fifth_avenue,
          overflow_temple_1_default, lightli_temple_of_fire,
          lightli_corner_chamber, uniq_lodul
D:11:     layout_roguey, david_lair_generic
D:12:     layout_loops_cross, uniq_fannar, uniq_erolcha, uniq_maurice
D:13:     layout_grid_maze, uniq_kirke
D:14:     layout_rooms, david_vaults_2, serial_demonic, serial_demonic_d,
          serial_demonic_c, serial_demonic_a, serial_demonic_d,
          nicolae_tso_carved_into_rock
D:15:     gammafunk_depths_entry_grave, layout_loops_ring,
          hangedman_decor_clover_reticule
Temple:   chequers_temple_sunken
Lair:1:   layout_chaotic_city, serial_bayou_shore_b
Lair:2:   layout_loops_ring, spider_nest_entry_a, portal_ice_cave_rime,
          guppyfry_lair_drakes, serial_bayou_shore_b, lemuel_fruit_tree,
          lemuel_fruit_fields, infiniplex_staircase_pool, uniq_prince_ribbit2,
          uniq_amaemon
Lair:3:   layout_long_grid, elwin_shoals_entry_rooms, dreamdust_gnoll_shepherd,
          grunt_megastairs_1
Lair:4:   layout_misc_corridors, slime_entry_2, minivault_27,
          beast_lair_carwin_8, serial_bayou_shore_a
Lair:5:   hellmonk_lair_end_abyssal_woods, layout_cave_pods,
          chequers_serial_rivers_marsh, uniq_rupert
Shoals:1: layout_shoals, nicolae_shoals_land_atoll, nicolae_shoals_secluded_bog,
          uniq_aizul
Spider:1: layout_spider_delve, hangedman_spider_tarantella_strand
Orc:1:    layout_caves
Orc:2:    hellmonk_orc_salted, layout_caves, enter_volcano_4, mines1_david,
          uniq_jorgrun
Elf:1:    eino_elf_arrival_the_gate, layout_loops_corners,
          hangedman_elven_crosses_minicolossus, uniq_nikola, uniq_asterion
Elf:2:    nicolae_elf_blades_crystal_corner, layout_geoelf_diagonals,
          serial_shops, shop_statue, drop_trap, uniq_saint_roka, uniq_roxanne

Skill      XL: |  1  2  3  4  5  6  7  8  9 10 11 12 13 14 15 16 17 18 |
---------------+-------------------------------------------------------+-----
Short Blades   | 5 6 7 8 9 10 11 12 14 | 14.0
Shields        | 1 2 3 5 |  5.4
Dodging        | 4 5 7 11 14 16 17 19 20 22 | 22.0
Stealth        | 4 5 7 9 11 15 19 20 22 | 22.0
Evocations     | 1 2 6 |  6.0
Fighting       | 4 9 10 11 13 14 15 | 15.0
Armour         | 2 |  2.0
Invocations    | 2 5 |  5.0

Action                     |  1- 3 |  4- 6 |  7- 9 | 10-12 | 13-15 | 16-18 || total
---------------------------+-------+-------+-------+-------+-------+-------++-------
  Melee: Short sword       |    85 |   244 |   260 |  1059 |   840 |   417 ||  2905
         Punch             |     4 |     1 |       |       |       |       ||     5
         Rapier            |       |       |       |       |   250 |   727 ||   977
  Evoke: Wand              |       |       |     2 |    12 |     9 |    13 ||    36
    Use: Potion            |       |     5 |     1 |     7 |     5 |     7 ||    25
         Scroll            |       |       |     3 |    18 |     7 |     6 ||    34
   Stab: Sleeping          |    12 |    18 |    20 |    42 |    89 |   116 ||   297
         Distracted        |       |       |     1 |     5 |     3 |     7 ||    16
         Invisible         |       |       |     1 |    14 |     1 |     9 ||    25
         Paralysed         |       |       |       |       |     3 |       ||     3
         Confused          |       |       |       |       |     3 |     5 ||     8
         Petrifying        |       |       |       |       |       |     2 ||     2
         Petrified         |       |       |       |       |       |     1 ||     1
 Armour: Robe              |     9 |    16 |    15 |       |       |       ||    40
         Skin              |       |    10 |       |       |       |       ||    10
         Steam dragon scal |       |       |       |    54 |    42 |       ||    96
         Troll leather arm |       |       |       |       |       |    39 ||    39
         Leather armour    |       |       |       |       |       |     2 ||     2
  Dodge: Dodged            |    66 |   105 |   141 |   637 |   584 |   799 ||  2332
  Block: Buckler           |       |    28 |    46 |   205 |   408 |   314 ||  1001
         Reflection        |       |       |       |       |     1 |    11 ||    12
         Kite shield       |       |       |       |       |       |    79 ||    79

Table legend: (Time is in decaauts)
 A = Elapsed time spent in this place.
 B = Non-inter-level travel time spent in this place.
 C = Inter-level travel time spent in this place.
 D = Time resting spent in this place.
 E = Time spent auto-exploring this place.
 F = Levels seen in this place.
 G = Mean time per level.
                   A        B        C        D        E       F      G
               +--------+--------+--------+--------+--------+-----+--------+
         Total |  30512 |  28769 |   1743 |   4722 |  16768 |  30 | 1017.1 |
       Dungeon |  17910 |  16702 |   1208 |   2620 |  10400 |  15 | 1194.0 |
        Temple |    313 |    313 |      0 |      0 |    297 |   1 |  313.0 |
          Lair |   7677 |   7256 |    421 |   1354 |   4263 |   5 | 1535.4 |
        Shoals |    153 |    153 |      0 |      2 |      9 |   1 |  153.0 |
   Spider Nest |     98 |     87 |     11 |      0 |     34 |   1 |   98.0 |
  Orcish Mines |   1689 |   1589 |    100 |    100 |   1119 |   2 |  844.5 |
   Elven Halls |    604 |    604 |      0 |     25 |    304 |   2 |  302.0 |
        Bailey |    814 |    814 |      0 |    235 |    133 |   1 |  814.0 |
      Ice Cave |    698 |    698 |      0 |    229 |    190 |   1 |  698.0 |
       Volcano |    550 |    550 |      0 |    157 |     18 |   1 |  550.0 |
               +--------+--------+--------+--------+--------+-----+--------+

Top non-repeatable levels by time:
  Lair:5: 1934 daAuts
     D:8: 1883 daAuts
     D:5: 1707 daAuts
  Lair:2: 1531 daAuts
  Lair:4: 1470 daAuts
  Lair:1: 1372 daAuts
  Lair:3: 1368 daAuts
    D:13: 1301 daAuts
     D:7: 1266 daAuts
    D:15: 1250 daAuts
    D:10: 1228 daAuts
     D:9: 1223 daAuts
     D:3: 1216 daAuts
     D:6: 1208 daAuts
    D:12: 1069 daAuts
